 Dungeon Crawl Stone Soup version 0.17-a0-1184-gb75be8f (webtiles) character file.

76 Fluffy the Skirmisher (level 4, -10/37 HPs)
             Began as a Demonspawn Fighter on June 1, 2015.
             Killed by nerve-wracking pain
             ... invoked by an orc priest
              (12 damage)
             ... on level 3 of the Dungeon.
             The game lasted 00:04:14 (1563 turns).

Fluffy the Skirmisher (Demonspawn Fighter)          Turns: 1563, Time: 00:04:15

Health: -10/37     AC: 11    Str: 18    XL:     4   Next: 12%
Magic:  4/4        EV:  9    Int:  9    God:
Gold:   146        SH:  9    Dex: 17    Spells: 0 memorised, 3 levels left

rFire  . . .     SeeInvis .     a - +1 long sword
rCold  . . .     Clarity  .     A - +0 chain mail
rNeg   . . .     SustAt   .     c - +0 shield
rPois  .         Gourm    .     (no helmet)
rElec  .         Spirit   .     o - +0 cloak
rCorr  .         Warding  .     (no gloves)
rMut   .         Stasis   .     i - +0 pair of boots
MR     .....                    (no amulet)
Stlth  ..........               (no ring)
                                (no ring)

@: agile, lethally poisoned (-10 -> -26), not resistant to hostile enchantments,
extremely unstealthy
A: powered by pain 1, spiny 1
a: no special abilities


You were on level 3 of the Dungeon.
You were not hungry.

You visited 1 branch of the dungeon, and saw 3 of its levels.

You collected 146 gold pieces.

Inventory:

Hand weapons
 a - a +1 long sword (weapon)
Armour
 c - a +0 shield (worn)
 i - a +0 pair of boots (worn)
 o - a +0 cloak (worn)
 A - a +0 chain mail (worn)
Scrolls
 b - a scroll of teleportation
 f - 2 scrolls of blinking
 k - 4 scrolls of immolation
 m - 2 scrolls of remove curse
Potions
 d - a potion of might
 h - 2 potions of cancellation
 p - a potion of magic
 t - 2 potions of brilliance
 z - a potion of invisibility {unknown}
Comestibles
 e - 3 bread rations
 j - 3 meat rations
 q - a royal jelly
 r - 4 fruits


   Skills:
 + Level 3.8 Fighting
 + Level 2.8 Long Blades
 + Level 3.3 Armour
 - Level 2.6 Shields


You had 3 spell levels left.
You didn't know any spells.

Dungeon Overview and Level Annotations

Branches:
Dungeon (3/15)

Altars:
Makhleb
Zin


Innate Abilities, Weirdness & Mutations

You sometimes gain a little power by taking damage.
You are partially covered in sharp spines.


Message History

Your shield and chain mail prevent you from hitting the orc priest.
The adder bites you.
You are poisoned.
The adder poisons you!
The orc priest calls down the wrath of Beogh upon you.
Something smites you!
* * * LOW HITPOINT WARNING * * *
You focus on the pain.
You feel agile all of a sudden.
An orc comes into view. It is wielding a club.
Drink which item? (? for menu, Esc to quit)
It was a potion of poison.
That liquid tasted very nasty...
You are lethally poisoned!
* * * LOW HITPOINT WARNING * * *
You feel sick. The adder is struck by your spines.
The adder bites you but does no damage.
The orc priest invokes the aid of Beogh against you.
Pain shoots through your body!
You die...

..........
.........##.... .....
.........##.... ......
........<##....####......
.........##..............
..)......##..............
.........##...o..........
.........##..o#.oS.......
#......####[. #.@K.......
#.......# #)#####....>...
###.....###.....†........
..........((.............
.........))..............
.........................
..................(.....(
.........................
#####.............<......


You could see an orc priest, an adder, an orc and a kobold.

Vanquished Creatures
  3 adders
  An ooze (D:2)
  2 giant geckos
  2 orcs (D:3)
  5 goblins
  9 hobgoblins
  6 kobolds
  5 bats (D:1)
  A giant cockroach (D:1)
  3 giant newts
  5 rats
42 creatures vanquished.

Notes
Turn   | Place    | Note
--------------------------------------------------------------
     0 | D:1      | Fluffy the Demonspawn Fighter began the quest for the Orb.
     0 | D:1      | Reached XP level 1. HP: 18/18 MP: 1/1
   239 | D:1      | Gained mutation: You are partially covered in sharp spines. [demonic ancestry]
   239 | D:1      | Reached XP level 2. HP: 24/24 MP: 2/2
   882 | D:2      | Reached XP level 3. HP: 29/29 MP: 3/3
   974 | D:2      | Found a burning altar of Makhleb.
   976 | D:2      | Found a glowing silver altar of Zin.
   976 | D:2      | Noticed an angel
   977 | D:2      | Noticed an Executioner
  1497 | D:3      | Gained mutation: You sometimes gain a little power by taking damage. [demonic ancestry]
  1497 | D:3      | Reached XP level 4. HP: 28/37 MP: 4/4
  1563 | D:3      | Killed from afar by an orc priest

Vault maps used:
D:1:      shiori_arrival_maze, serial_curves, eino_curves_01, eino_curves_04
D:2:      grunt_temple_overflow_order_and_chaos_2

Action                   |  1- 3 |  4- 6 || total
-------------------------+-------+-------++-------
Melee: Long sword        |    86 |     4 ||    90
  Use: Scroll            |    13 |       ||    13
       Potion            |       |     1 ||     1
  Eat: Chunk             |     2 |       ||     2
